 Dungeon Sprint DCSS version 0.26.1-11-gd32895ea62 (webtiles) character file.

Game seed: 14553536113099857502

175 Groucho the Covert (level 5, -7/24 HPs)
             Began as a Spriggan Enchanter on June 23, 2021.
             Was a Priest of Dithmenos.
             Killed by divine providence
             ... invoked by an orc priest
              (17 damage)
             ... in the Dungeon (Sprint VII: "The Pits").
             The game lasted 00:02:30 (531 turns).

Groucho the Covert (Spriggan Enchanter)              Turns: 531, Time: 00:02:31

Health: -7/24      AC:  2    Str:  5    XL:     5   Next: 29%
Magic:  7/15       EV: 18    Int: 16    God:    Dithmenos [***...]
Gold:   0          SH:  0    Dex: 17    Spells: 15/18 levels left

rFire    . . .     SeeInvis +   n - +1 dagger (venom)
rCold    . . .     Faith    .   (shield restricted)
rNeg     . . .     Spirit   .   b - +0 robe
rPois    .         Reflect  .   (helmet restricted)
rElec    .         Harm     .   (no cloak)
rCorr    .         Rampage  .   (gloves unavailable)
Will     .....     NoTele   +   (boots unavailable)
Stlth    +++++++...             (no amulet)
HPRegen  0.08/turn              (no ring)
MPRegen  0.14/turn              (no ring)

@: wreathed by umbra, very quick
A: very small, unfitting armour, see invisible, speed 3
a: Renounce Religion, Shadow Step


You were in the Dungeon.
You worshipped Dithmenos.
Dithmenos was most pleased with you.
You visited 1 branch

Inventory:

Hand Weapons
 c - a +2 dagger
 n - a +1 dagger of venom (weapon)
Missiles
 m - 11 stones
Armour
 b - a +0 robe (worn)
Scrolls
 i - a scroll of blinking
 j - 3 scrolls of remove curse
 k - 5 scrolls of amnesia
 l - a scroll of summoning
Potions
 a - a potion of invisibility
 d - 6 potions of curing
 e - 6 potions of heal wounds
 f - a potion of haste
 g - 4 potions of magic
 h - 3 potions of berserk rage


   Skills:
 - Level 1.1 Short Blades
 - Level 3.0 Dodging
 * Level 12.3 Stealth
 + Level 7.0 Spellcasting
 + Level 7.4 Hexes


You had 15 spell levels left.
You knew the following spells:

 Your Spells              Type           Power        Failure   Level
a - Corona                Hex            32%          1%          1
b - Ensorcelled Hibernat  Hex/Ice        34%          4%          2

Your spell library contained the following spells:

 Spells                   Type           Power        Failure   Level
 Confusing Touch          Hex            29%          1%          3
 Tukima's Dance           Hex            29%          1%          3
 Dazzling Flash           Conj/Hex       34%          9%          3


Dungeon Overview and Level Annotations

Branches:
Dungeon (1/1)

Altars:
Ashenzari
Cheibriados
Dithmenos
Elyvilon
Fedhas
Gozag
Hepliaklqana
Kikubaaqudgha
Makhleb
Nemelex Xobeh
Okawaru
Qazlal
Ru
Sif Muna
Trog
Uskayaw
Vehumet
Wu Jian
Xom
Yredelemnul
Zin
The Shining One
Beogh
Jiyva
Lugonu


Innate Abilities, Weirdness & Mutations

You are very small and have problems with some larger weapons.
You are too small for most types of armour.
You have supernaturally acute eyesight. (SInv)
You cover ground extremely quickly.


Message History

Aiming: Ensorcelled Hibernation (safe; 4% risk of failure)
Press: ? - help, Shift-Dir - straight line, f/p - orc wizard
Aim: an orc wizard, wielding a +0 dagger and wearing a +0 robe (fast, slightly transparent, umbra, chance to affect: 47%)
The orc wizard looks drowsy...
The helpless orc wizard fails to defend itself.
You stick the orc wizard like a pincushion!!!
You kill the orc wizard!
Dithmenos accepts your kill.
Your Stealth skill increases to level 12!
Your Spellcasting skill increases to level 7!
Casting: Ensorcelled Hibernation (safe; 4% risk of failure)
Confirm with . or Enter, or press ? or * to list all spells.
Aiming: Ensorcelled Hibernation (safe; 4% risk of failure)
Press: ? - help, Shift-Dir - straight line, f - orc
Aim: an orc, wielding a +0 hand axe and wearing a +0 scale mail (umbra, chance to affect: 65%)
The orc resists with significant effort.
The orc priest invokes the aid of Beogh against you.
Beogh smites you!
Ouch! That really hurt!
You die...

### _.# _.#
..###########++######
#'##................#
'.##......#..#......#
#.##................+
..o'............@...+
####......#.o#o.....#
..##.........)......#
.)#####'#####++######
))##.......#
))##.......#
[[##.......#
'###...<...#
).##.......#


You could see an orc priest and an orc.

Vanquished Creatures
  A floating eye (D)
  2 orc wizards (D)
  A river rat (D)
  An ufetubus (D)
  An adder skeleton (D)
  2 orcs (D)
  A quokka (D)
  2 frilled lizards (D)
  A kobold (D)
12 creatures vanquished.

Notes
Turn   | Place    | Note
-------+----------+-------------------------------------------
     0 | D        | Groucho the Spriggan Enchanter began the quest for the Orb.
     0 | D        | Reached XP level 1. HP: 9/9 MP: 5/5
    13 | D        | Reached skill level 5 in Stealth
    38 | D        | Found a bloodstained altar of Trog.
    38 | D        | Found a shimmering blue altar of Sif Muna.
    38 | D        | Found a viscous altar of Jiyva.
    38 | D        | Found a hazy altar of Hepliaklqana.
    38 | D        | Found an opulent altar of Gozag.
    39 | D        | Found a glowing golden altar of the Shining One.
    39 | D        | Found a glowing silver altar of Zin.
    39 | D        | Found a basalt altar of Yredelemnul.
    39 | D        | Found a shimmering altar of Xom.
    39 | D        | Found an ornate altar of the Wu Jian Council.
    39 | D        | Found a sacrificial altar of Ru.
    39 | D        | Found a stormy altar of Qazlal.
    39 | D        | Found an iron altar of Okawaru.
    39 | D        | Found a sparkling altar of Nemelex Xobeh.
    39 | D        | Found a burning altar of Makhleb.
    39 | D        | Found a blossoming altar of Fedhas.
    39 | D        | Found a white marble altar of Elyvilon.
    39 | D        | Found a shadowy altar of Dithmenos.
    39 | D        | Found a snail-covered altar of Cheibriados.
    42 | D        | Found a corrupted altar of Lugonu.
    42 | D        | Found a radiant altar of Vehumet.
    42 | D        | Found a roughly hewn altar of Beogh.
    43 | D        | Found an ancient bone altar of Kikubaaqudgha.
    43 | D        | Found a hide-covered altar of Uskayaw.
    43 | D        | Found a broken altar of Ashenzari.
    49 | D        | Became a worshipper of Dithmenos the Shadowed
    89 | D        | Reached * piety under Dithmenos
    92 | D        | Reached skill level 6 in Stealth
    92 | D        | Reached XP level 2. HP: 13/13 MP: 5/7
    94 | D        | Noticed a floating eye
    99 | D        | Reached skill level 8 in Stealth
    99 | D        | Reached skill level 5 in Hexes
    99 | D        | Reached XP level 3. HP: 16/16 MP: 6/10
   100 | D        | Killed a floating eye
   100 | D        | Reached ** piety under Dithmenos
   101 | D        | Reached skill level 11 in Stealth
   101 | D        | Reached XP level 4. HP: 21/21 MP: 7/13
   124 | D        | Reached XP level 5. HP: 10/24 MP: 11/15
   133 | D        | Reached *** piety under Dithmenos
   520 | D        | Learned a level 2 spell: Ensorcelled Hibernation
   528 | D        | Reached skill level 12 in Stealth
   531 | D        | Killed from afar by an orc priest

Illustrated notes

Levels and vault maps discovered:
D:        pitsprint [storerooms_1, entrance_room_1, metal_vault_3, armoury_2,
          mini_pit_1, grid_room_1, main_hall_1, silver_pit, the_coven_1,
          the_vestibule_1, steel_vault_4, golden_pit, hallway_of_sentries,
          crystal_vault_6, iron_vault_5, final_vault]

Skill      XL: |  1  2  3  4  5 |
---------------+----------------+-----
Stealth        | 6 8 11 12 | 12.3
Spellcasting   | 3 4 6 7 |  7.0
Hexes          | 4 5 6 7 |  7.4
Short Blades   | |  1.1
Dodging        | |  3.0

Action                   |  1- 3 |  4- 6 || total
-------------------------+-------+-------++-------
Melee: Dagger            |    11 |    16 ||    27
 Cast: Ensorcelled Hiber |       |     4 ||     4
  Use: Potion            |       |     1 ||     1
 Stab: Sleeping          |     5 |     1 ||     6
       Invisible         |       |     3 ||     3
Armor: Robe              |     1 |       ||     1
Dodge: Dodged            |    11 |    35 ||    46
